 Dungeon Crawl Stone Soup version 0.27.0-1-g7a089689b8 (webtiles) character file.

Game seed: 11283338671409890580

165 SnakkuSnakku7 the Chopper (level 5, -1/50 HPs)
             Began as a Minotaur Berserker on Aug 11, 2021.
             Was a Priest of Trog.
             Killed by divine providence
             ... invoked by an orc priest
              (7 damage)
             ... on level 3 of the Dungeon.
             The game lasted 00:01:56 (1344 turns).

SnakkuSnakku7 the Chopper (Minotaur Berserker)      Turns: 1344, Time: 00:01:56

Health: -1/50      AC:  6    Str: 22    XL:     5   Next: 21%
Magic:  4/4        EV: 10    Int:  4    God:    Trog [***...]
Gold:   47         SH:  0    Dex: 10    Spells: 4/4 levels left

rFire    . . .     SeeInvis .   a - +0 hand axe
rCold    . . .     Faith    .   (no shield)
rNeg     . . .     Spirit   .   c - +0 scale mail
rPois    .         Reflect  .   (helmet restricted)
rElec    .         Harm     .   (no cloak)
rCorr    .         Rampage  .   (no gloves)
Will     .....                  (no boots)
Stlth    ..........             (no amulet)
HPRegen  0.16/turn              (no ring)
MPRegen  0.09/turn              (no ring)

@: about to teleport, on berserk cooldown, slowed, very slow
A: horns 2, retaliatory headbutt
a: Renounce Religion, Berserk, Trog's Hand


You were on level 3 of the Dungeon.
You worshipped Trog.
Trog was most pleased with you.
You visited 1 branch of the dungeon, and saw 3 of its levels.

You collected 47 gold pieces.

Inventory:

Hand Weapons
 a - a +0 hand axe (weapon)
Armour
 b - a +0 animal skin
 c - a +0 scale mail (worn)
Scrolls
 d - a scroll of teleportation
 f - a scroll of noise {unknown}
 h - 2 scrolls of identify {unknown}
 i - a scroll of amnesia {unknown}
 j - a scroll of fear {unknown}
 k - a scroll of enchant armour {unknown}
 l - a scroll of silence {unknown}
Potions
 e - a potion of cancellation {unknown}
 g - 2 potions of attraction {unknown}
 m - a potion of degeneration {unknown}
 n - a potion of curing {unknown}


   Skills:
 + Level 5.6 Fighting
 + Level 5.7 Axes
 - Level 2.4 Armour
 - Level 2.1 Dodging


You had 4 spell levels left.
You didn't know any spells.
Your spell library was empty.

Dungeon Overview and Level Annotations

Branches:
Dungeon (3/15)

Altars:
Wu Jian

Shops:
D:2 ?


Innate Abilities, Weirdness & Mutations

You have a pair of horns on your head.
You reflexively headbutt those who attack you in melee.


Message History

You hit the orc wizard but do no damage.
You hit the orc priest.
The orc wizard points at you and mumbles some strange words.
The magic dart hits you. The orc wizard misses you.
The orc priest barely misses you.
The orc wizard gestures at you while chanting.
The puff of flame hits you. The orc wizard barely misses you.
You closely miss the orc wizard. You barely miss the orc wizard.
You hit the orc priest.
You feel less confused.
The orc priest hits you with a +0 trident.
The orc wizard hits you but does no damage.
The orc wizard points at you and mumbles some strange words.
The puff of flame hits you!
The orc wizard hits you with a +2 dagger of speed.
The orc priest begins to cast a cantrip, but forgets the words!
You hit the orc wizard. You headbutt the orc wizard.
The orc wizard is severely wounded.
You hit the orc priest but do no damage.
You hit the orc wizard.
The orc wizard mumbles some strange words.
The orc wizard flickers and vanishes!
Deactivating autopickup; reactivate with Ctrl-A.
The orc wizard barely misses you. You furiously retaliate!
You headbutt the orc wizard!
You kill the orc wizard!
Trog accepts your kill.
Trog appreciates your killing of a magic user.
The orc priest hits you with a +0 trident.
Something hits you.
Unknown command.
As you read the scroll labelled GACSUC ZEIRPH, it crumbles to dust.
You feel strangely unstable.
It was a scroll of teleportation.
The orc priest invokes the aid of Beogh against you.
Beogh smites you!
* * * LOW HITPOINT WARNING * * *
Something hits you but does no damage.
The orc priest mumbles some strange prayers to Beogh against you.
Beogh smites you!
You die...

##.## ...#
.... #..# #
#..# .#
#..##.####
###o){......
#...@...#
#.##)####
#.####
#....#
####.###
#...# #.#.#
####.#
######.#..#


You could see an orc priest.

Vanquished Creatures
  Terence (D:2)
  An orc wizard (D:3)
  Robin (D:2)
  3 adders
  A dart slug (D:1)
  2 orcs (D:3)
  7 endoplasms
  5 giant cockroaches
  14 goblins
  6 hobgoblins
  5 jackals
  A quokka (D:2)
  3 ball pythons
  4 bats
  3 frilled lizards
  6 kobolds
  7 rats
70 creatures vanquished.

Vanquished Creatures (others)
  A demonic plant (D:1)
  2 plants (D:1)
3 creatures vanquished.

Grand Total: 73 creatures vanquished

Notes
Turn   | Place    | Note
-------+----------+-------------------------------------------
     0 | D:1      | SnakkuSnakku7 the Minotaur Berserker began the quest for
                  | the Orb.
     0 | D:1      | Reached XP level 1. HP: 19/19 MP: 0/0
   101 | D:1      | Reached XP level 2. HP: 21/27 MP: 1/1
   281 | D:1      | Found a faded altar of an unknown god.
   281 | D:1      | Noticed a crimson imp
   491 | D:1      | Reached ** piety under Trog
   647 | D:2      | Noticed Robin
   648 | D:2      | Found an ornate altar of the Wu Jian Council.
   648 | D:2      | Noticed Terence
   652 | D:2      | Reached XP level 3. HP: 34/34 MP: 2/2
   662 | D:2      | Killed Terence
   666 | D:2      | Killed Robin
   667 | D:2      | Reached skill level 5 in Fighting
   667 | D:2      | Reached skill level 5 in Axes
   667 | D:2      | Reached XP level 4. HP: 34/42 MP: 3/3
   915 | D:2      | Found Zymuq Ilywn's Magic Scroll Shoppe.
  1160 | D:3      | Reached *** piety under Trog
  1335 | D:3      | Reached XP level 5. HP: 48/48 MP: 4/4
  1344 | D:3      | Killed from afar by an orc priest

Illustrated notes

Levels and vault maps discovered:
D:1:      dpeg_arrival_long_road, layout_basic,
          dreamdust_ecumenical_altar_sealed_demon, serial_bayou_crossing
D:2:      layout_rooms, serial_shops, shop, basic_altar, minmay_heptomino_o4,
          uniq_terence, uniq_robin
D:3:      minmay_angry_zag, layout_loops_ring

Skill      XL: |  1  2  3 |
---------------+----------+-----
Fighting       | 4 5 |  5.6
Axes           | 4 5 |  5.7
Armour         | |  2.4
Dodging        | |  2.1

Action                   |  1- 3 |  4- 6 || total
-------------------------+-------+-------++-------
Melee: Hand axe          |    66 |    66 ||   132
       Headbutt          |    13 |     8 ||    21
Invok: Berserk           |     1 |     1 ||     2
  Use: Scroll            |       |     1 ||     1
Armor: Scale mail        |    23 |    23 ||    46
Dodge: Dodged            |    36 |    45 ||    81
